 Dungeon Crawl Stone Soup version 0.28-a0-514-g0d7ab7f379 (webtiles) character file.

Game seed: 11288227029426834426

7 siradein the Chucker (level 1, -2/20 HPs)
             Began as a Troll Hunter on Sept 23, 2021.
             Slain by a gnoll (14 damage)
             ... on level 1 of the Dungeon.
             The game lasted 00:01:30 (569 turns).

siradein the Chucker (Troll Hunter)                  Turns: 569, Time: 00:01:31

Health: -2/20      AC:  4    Str: 19    XL:     1   Next: 91%
Magic:  0/0        EV:  9    Int:  7    God:
Gold:   50         SH:  0    Dex: 10    Spells: 0/0 levels left

rFire   . . .      SeeInvis .   (no weapon)
rCold   . . .      Faith    .   (no shield)
rNeg    . . .      Spirit   .   b - +0 robe
rPois   .          Reflect  .   (helmet restricted)
rElec   .          Harm     .   (no cloak)
rCorr   .          Rampage  .   (gloves unavailable)
Will    .....                   (boots unavailable)
Stlth   +.........              (no amulet)
HPRegen 1.06/turn               (no ring)
MPRegen 0.07/turn               (no ring)

@: no status effects
A: large, unfitting armour, claws 3, regeneration 1, shaggy fur 1, tough skin 1
a: no special abilities


You were on level 1 of the Dungeon.
You visited 1 branch of the dungeon, and saw 1 of its levels.

You collected 50 gold pieces.

Inventory:

Missiles
 c - 5 large rocks (quivered)
 d - 2 throwing nets
 g - 11 sling bullets
Armour
 b - a +0 robe (worn)
Scrolls
 a - a scroll of enchant weapon {unknown}
 f - a scroll of immolation {unknown}
 i - a scroll of identify {unknown}
Potions
 e - a potion of curing {unknown}
 h - a potion of flight {unknown}


   Skills:
 + Level 1.7 Fighting
 + Level 3.7 Throwing
 + Level 1.7 Dodging
 - Level 0.3 Stealth
 + Level 0.5 Unarmed Combat


You couldn't memorise any spells.
You didn't know any spells.
Your spell library contained the following spells:

 Spells                   Type           Power      Damage    Failure   Level
 Static Discharge         Conj/Air       0%         N/A       56%         2
 Lightning Bolt           Conj/Air       0%         1d11      100%        5
 Maxwell's Capacitive Co  Air            0%         ∞         100%        8


Dungeon Overview and Level Annotations

Branches:
Dungeon (1/15)

Altars:


Innate Abilities, Weirdness & Mutations

You are too large for most types of armour.
You have claws for hands.
Your natural rate of healing is unusually fast.
You are covered in fur. (AC +1)
You have tough skin. (AC +1)


Message History

The gnoll is lightly wounded.
The gnoll hits you with a +2 flail of protection!
You scratch the gnoll but do no damage.
The gnoll is lightly wounded.
The gnoll barely misses you.
You scratch the gnoll.
The gnoll is moderately wounded.
The gnoll barely misses you.
You scratch the gnoll but do no damage.
The gnoll is moderately wounded.
A ball python comes into view.
The gnoll hits you with a +2 flail of protection!
The ball python hisses angrily.
The gnoll barely misses you.
You scratch the gnoll but do no damage.
The gnoll is moderately wounded.
The gnoll hits you with a +2 flail of protection!
Ouch! That really hurt!
You scratch the gnoll.
The gnoll is severely wounded.
The gnoll closely misses you.
You closely miss the gnoll.
The gnoll is severely wounded.
The gnoll hits you with a +2 flail of protection.
* * * LOW HITPOINT WARNING * * *
The gnoll hits you with a +2 flail of protection!
* * * LOW HITPOINT WARNING * * *
There is an open door here.
Things that are here:
a +0 dagger; a goblin corpse You scratch the gnoll but do no damage.
The gnoll is heavily wounded.
The gnoll hits you with a +2 flail of protection!
You scratch the gnoll.
The gnoll is severely wounded.
The gnoll completely misses you.
You open the door. The gnoll barely misses you.
The gnoll hits you with a +2 flail of protection!
Ouch! That really hurt!
You die...

###<#8#.#8#. ###########
########## #........#
#########
#....>...####.......#
#.......S@..........###
#......)g###........#.#
##'####'###.........#.####
#....#.###...............
#.##.#..[...............#
#......###.#...##.......#
#..........+...##.......#
#......###.#...##.......#
#......# #.##+###.......#


You could see a gnoll and a ball python.

Vanquished Creatures
  2 goblins (D:1)
  3 bats (D:1)
  A frilled lizard (D:1)
  A rat (D:1)
7 creatures vanquished.

Notes
Turn   | Place    | Note
-------+----------+-------------------------------------------
     0 | D:1      | siradein the Troll Hunter began the quest for the Orb.
     0 | D:1      | Reached XP level 1. HP: 19/19 MP: 0/0
   178 | D:1      | Found a faded altar of an unknown god.
   569 | D:1      | Slain by a gnoll

Illustrated notes

Levels and vault maps discovered:
D:1:      wander_arrival_abandoned_jail, layout_basic,
          shapermc_ecumenical_altar_notcrosses

Action                   || total
-------------------------++-------
Melee: Unarmed           ||    32
Armor: Robe              ||    21
Dodge: Dodged            ||    26

Table legend: (Time is in decaauts)
 A = Elapsed time spent in this place.
 B = Non-inter-level travel time spent in this place.
 C = Inter-level travel time spent in this place.
 D = Time resting spent in this place.
 E = Time spent auto-exploring this place.
 F = Levels seen in this place.
 G = Mean time per level.
                   A        B        C        D        E       F      G
               +--------+--------+--------+--------+--------+-----+--------+
         Total |    570 |    570 |      0 |      0 |    413 |   1 |  570.0 |
       Dungeon |    570 |    570 |      0 |      0 |    413 |   1 |  570.0 |
               +--------+--------+--------+--------+--------+-----+--------+

Top non-repeatable levels by time:
     D:1: 570 daAuts
